 Dungeon Crawl Stone Soup version 0.31-a0-1403-gd128f73 (webtiles) character file.

Game seed: 18294213518404949266

3588 samfromsteam the Carver (level 9, -3/81 HPs)
             Began as a Minotaur Fighter on Dec 25, 2023.
             Was a Priest of the Shining One.
             Slain by a boulder beetle (16 damage)
             ... on level 7 of the Dungeon.
             The game lasted 00:18:29 (7268 turns).

samfromsteam the Carver (Minotaur Fighter)          Turns: 7268, Time: 00:18:30

Health: -3/81      AC: 11    Str: 26    XL:     9   Next: 85%
Magic:  8/8        EV: 11    Int:  5    God:    the Shining One [***...]
Gold:   319        SH:  0    Dex:  9    Spells: 8/8 levels left

rFire   . . .        z - +2 great sword (freeze)
rCold   . . .        (shield currently unavailable)
rNeg    + . .        c - +0 steam dragon scales
rPois   .            (helmet restricted)
rElec   .            (no cloak)
rCorr   .            w - +2 pair of gloves
SInv    +            o - +0 pair of boots
Will    .....        (no amulet)
Stlth   +            k - ring of see invisible
HPRegen 0.33/turn    (no ring)
MPRegen 0.11/turn

%: no passive effects
@: mighty, glowing
A: horns 2, retaliatory headbutt
a: Renounce Religion, Divine Shield, Cleansing Flame


You were on level 7 of the Dungeon.
You worshipped the Shining One.
The Shining One was most pleased with you.
You visited 1 branch of the dungeon, and saw 7 of its levels.

You collected 319 gold pieces.

Inventory:

Hand Weapons
 y - a +3 mace of freezing
 z - a +2 great sword of freezing (weapon)
Armour
 c - +0 steam dragon scales (worn)
 o - a +0 pair of boots (worn)
 w - a +2 pair of gloves (worn)
Jewellery
 k - a ring of see invisible (left hand)
 x - a ring of poison resistance
Talismans
 l - a beast talisman
Wands
 a - a wand of iceblast (14)
 b - a wand of charming (5)
 v - a wand of polymorph (4)
Scrolls
 g - a scroll of identify {unknown}
 h - a scroll of fear {unknown}
 i - a scroll of blinking {unknown}
 n - a scroll of fog {unknown}
 p - 2 scrolls of teleportation {unknown}
 q - 2 scrolls of torment {unknown}
 s - a scroll of vulnerability {unknown}
 t - a scroll of enchant armour {unknown}
Potions
 d - a potion of might
 e - a potion of enlightenment {unknown}
 f - a potion of heal wounds {unknown}
 j - a potion of berserk rage {unknown}
 m - a potion of curing {unknown}
 r - a potion of mutation {unknown}
 u - a potion of cancellation {unknown}


   Skills:
 + Level 8.2 Fighting
 * Level 10.8 Long Blades
 + Level 3.3 Maces & Flails
 + Level 8.2 Armour
 + Level 8.2 Shields


You had 8 spell levels left.
You didn't know any spells.
Your spell library contained the following spells:

 Spells                   Type           Power      Damage    Failure   Level
 Sandblast                Erth           0%         2d4       47%         1
 Cigotuvi's Dreadful Rot  Necr/Alch/Air  0%         N/A       63%         2
 Passwall                 Alch/Erth      0%         N/A       63%         2
 Ozocubu's Armour         Ice            0%         N/A       85%         3
 Stone Arrow              Conj/Erth      0%         3d7       85%         3
 Tukima's Dance           Hex            0%         N/A       85%         3
 Brom's Barrelling Bould  Conj/Erth      0%         2d3       99%         4
 Dimensional Bullseye     Hex/Tloc       0%         N/A       99%         4
 Dispel Undead            Necr           0%         3d6       99%         4
 Iskenderun's Mystic Bla  Conj/Tloc      0%         2d3       99%         4
 Metabolic Englaciation   Hex/Ice        0%         N/A       100%        5
 Death Channel            Necr           0%         N/A       100%        6
 Simulacrum               Ice/Necr       0%         N/A       100%        6


Dungeon Overview and Level Annotations

Branches:
Dungeon (7/15)             Temple (0/1) D:6

Altars:
Gozag
Wu Jian
Yredelemnul
The Shining One

Shops:
D:5 (


Innate Abilities, Weirdness & Mutations

You have a pair of horns on your head.
You reflexively headbutt those who attack you in melee.


Message History

You hit the boulder beetle but do no damage.
The boulder beetle is moderately wounded.
The boulder beetle leaps!
The boulder beetle curls into a ball and begins rolling!
The boulder beetle closely misses you. You furiously retaliate!
You headbutt the boulder beetle.
The boulder beetle stops rolling and uncurls.
You hit the boulder beetle but do no damage.
The boulder beetle is moderately wounded.
The boulder beetle bites you!
You hit the boulder beetle. You freeze the boulder beetle.
The boulder beetle is heavily wounded.
The boulder beetle bites you!
You hit the boulder beetle but do no damage.
The boulder beetle is heavily wounded.
The boulder beetle barely misses you.
You completely miss the boulder beetle.
The boulder beetle is heavily wounded.
The boulder beetle closely misses you.
You slash the boulder beetle! You freeze the boulder beetle.
The boulder beetle is severely wounded.
The boulder beetle bites you. x2
You hit the boulder beetle but do no damage.
The boulder beetle is severely wounded.
The boulder beetle bites you!
You hit the boulder beetle but do no damage.
The boulder beetle is severely wounded.
The boulder beetle bites you!
You hit the boulder beetle but do no damage.
You headbutt the boulder beetle.
The boulder beetle is severely wounded.
The boulder beetle bites you!
* * * LOW HITPOINT WARNING * * *
You hit the boulder beetle but do no damage.
The boulder beetle is severely wounded.
The boulder beetle bites you!
* * * LOW HITPOINT WARNING * * *
You feel very mighty all of a sudden. The boulder beetle bites you!
You die...

#.......#......##
#......##..######
#......+...#
#####...##...#
#+#...#+#.#..#.#
###.......###.##.# #+#
#...........#....#
###...##........†##...##
#......'....@B...'.##.#
#......##.......##.####
#...... #.......#..#
##....B ####'####..#
##.... #.....# ####
##### #######


You could see a boulder beetle.

Vanquished Creatures
  Maggie (D:7)
  Grinder (D:4)
  The ghost of wqsa789 the Slasher, an amateur HuGl of Okawaru (D:5)
  Sigmund (D:6)
  Menkaure (D:6)
  A steam dragon (D:7)
  2 ice beasts
  2 orc warriors
  2 sky beasts (D:6)
  A black bear (D:4)
  2 ogres
  3 phantoms
  A wyvern zombie (D:6)
  2 bullfrogs
  A scorpion (D:4)
  8 wights
  2 howler monkeys
  A centaur zombie (D:6)
  2 bullfrog zombies (D:6)
  2 bombardier beetles
  A hound (D:4)
  3 orc priests
  2 jellies
  Ijyb (D:3)
  Crazy Yiuf (D:5)
  2 sleepcaps
  3 orc wizards
  A killer bee zombie (D:6)
  A howler monkey zombie (D:6)
  4 gnolls
  9 adders
  A worm (D:2)
  A dart slug (D:4)
  15 orcs
  5 ball pythons
  4 endoplasms
  4 giant cockroaches
  5 goblins
  2 hobgoblins (D:1)
  3 jackals (D:3)
  3 quokkas
  7 bats
  A frilled lizard (D:2)
  9 kobolds
  7 rats
132 creatures vanquished.

Notes
Turn   | Place    | Note
-------+----------+-------------------------------------------
     0 | D:1      | samfromsteam the Minotaur Fighter began the quest for the
                  | Orb.
     0 | D:1      | Reached XP level 1. HP: 19/19 MP: 0/0
   239 | D:1      | Reached XP level 2. HP: 21/27 MP: 1/1
   311 | D:1      | Reached skill level 3 in Long Blades
   387 | D:1      | Found a faded altar of an unknown god.
   415 | D:1      | Prayed at the altar of an unknown god.
   415 | D:1      | Became a worshipper of the Shining One
   415 | D:1      | Reached * piety under the Shining One
   640 | D:2      | Reached XP level 3. HP: 33/33 MP: 2/2
  1709 | D:3      | Identified the +0 robe of Hitiugiu {rPois}
  1945 | D:3      | Reached XP level 4. HP: 36/40 MP: 3/3
  2164 | D:3      | Noticed Ijyb
  2188 | D:3      | Killed Ijyb
  2189 | D:3      | Reached skill level 4 in Long Blades
  2542 | D:4      | Noticed a black bear
  2908 | D:4      | Noticed an ogre
  2921 | D:4      | Killed an ogre
  2922 | D:4      | Reached XP level 5. HP: 39/47 MP: 4/4
  2945 | D:4      | Reached skill level 5 in Long Blades
  2988 | D:4      | Killed a black bear
  2989 | D:4      | Reached skill level 5 in Armour
  2989 | D:4      | Reached XP level 6. HP: 42/55 MP: 5/5
  3038 | D:3      | Reached skill level 5 in Fighting
  3038 | D:3      | Reached skill level 5 in Shields
  3474 | D:4      | Reached skill level 6 in Long Blades
  3505 | D:4      | Noticed Grinder
  3512 | D:4      | Reached XP level 7. HP: 55/61 MP: 6/6
  3523 | D:4      | Paralysed by Grinder for 3 turns
  3526 | D:4      | Killed Grinder
  3613 | D:4      | Reached skill level 7 in Long Blades
  3915 | D:5      | Entered Level 5 of the Dungeon
  3931 | D:5      | Reached ** piety under the Shining One
  4049 | D:5      | Found an opulent altar of Gozag.
  4106 | D:4      | Reached XP level 8. HP: 56/70 MP: 7/7
  4281 | D:5      | Found an ornate altar of the Wu Jian Council.
  4357 | D:5      | Found a runed translucent door.
  4358 | D:5      | Noticed Crazy Yiuf
  4378 | D:5      | Found a runed translucent door.
  4380 | D:5      | Noticed wqsa789's ghost (amateur HuGl)
  4954 | D:4      | Reached skill level 8 in Long Blades
  5038 | D:5      | Found Padost's Weapon Emporium.
  5241 | D:5      | Killed Crazy Yiuf
  5357 | D:5      | Killed wqsa789's ghost
  5516 | D:6      | Reached skill level 9 in Long Blades
  5537 | D:6      | Reached XP level 9. HP: 13/79 MP: 8/8
  5872 | D:6      | Noticed Menkaure
  5878 | D:6      | Killed Menkaure
  5952 | D:6      | Reached skill level 1 in Maces & Flails
  6350 | D:6      | Noticed Sigmund
  6355 | D:6      | Killed Sigmund
  6404 | D:6      | Reached skill level 10 in Long Blades
  6545 | D:6      | Reached *** piety under the Shining One
  6554 | D:6      | Found a basalt altar of Yredelemnul.
  6663 | D:6      | Found a staircase to the Ecumenical Temple.
  7064 | D:7      | Noticed Maggie
  7091 | D:7      | Killed Maggie
  7249 | D:7      | Noticed a boulder beetle
  7268 | D:7      | Slain by a boulder beetle

Illustrated notes

Levels and vault maps discovered:
D:1:      dpeg_arrival_three_bigger_balls, layout_basic,
          shapermc_ecumenical_altar_ellora
D:2:      layout_loops_corners, serial_rivers, chequers_serial_rivers_small_3,
          chequers_serial_rivers_micro_e, chequers_serial_rivers_micro_b,
          chequers_serial_rivers_micro_d, chequers_serial_rivers_room_a
D:3:      layout_basic, uniq_ijyb
D:4:      layout_cave_pools, saegor_snake_ambush, uniq_grinder
D:5:      layout_gridville, nicolae_gozag_cash_rules_everything_around_me,
          nzn_wu_jian_council_hall, serial_shops, nicolae_take_the_stairs,
          ebering_ghost_sewer_d, uniq_crazy_yiuf_cottage
D:6:      layout_layer_cave, nicolae_yredelemnul_corpse_copse,
          minmay_temple_entry_enclosed_plants, uniq_menkaure, uniq_sigmund
D:7:      nicolae_cairo_tiling_very_big, layout_rooms,
          nzn_hepliaklqana_mist_gate, uniq_maggie

Skill      XL: |  1  2  3  4  5  6  7  8  9 |
---------------+----------------------------+-----
Long Blades    | 3 4 5 6 7 9 10 | 10.8
Fighting       | 4 5 6 7 8 |  8.2
Armour         | 4 5 6 7 8 |  8.2
Shields        | 4 5 6 7 8 |  8.2
Maces & Flails | 3 |  3.3

Action                     |  1- 3 |  4- 6 |  7- 9 || total
---------------------------+-------+-------+-------++-------
  Melee: Long sword        |   103 |    91 |   159 ||   353
         Headbutt          |    12 |    17 |    62 ||    91
         Great sword       |       |       |    55 ||    55
         Mace              |       |       |    13 ||    13
    Use: Potion            |       |       |     1 ||     1
 Armour: Scale mail        |    71 |    68 |   145 ||   284
         Steam dragon scal |       |       |    11 ||    11
  Dodge: Dodged            |    42 |    23 |    92 ||   157
  Block: Buckler           |    19 |    18 |    34 ||    71

Table legend: (Time is in decaauts)
 A = Elapsed time spent in this place.
 B = Non-inter-level travel time spent in this place.
 C = Inter-level travel time spent in this place.
 D = Time resting spent in this place.
 E = Time spent auto-exploring this place.
 F = Levels seen in this place.
 G = Mean time per level.
                   A        B        C        D        E       F      G
               +--------+--------+--------+--------+--------+-----+--------+
         Total |   7368 |   7178 |    190 |   1800 |   4099 |   7 | 1052.6 |
       Dungeon |   7368 |   7178 |    190 |   1800 |   4099 |   7 | 1052.6 |
               +--------+--------+--------+--------+--------+-----+--------+

Top non-repeatable levels by time:
     D:5: 1643 daAuts
     D:3: 1380 daAuts
     D:6: 1316 daAuts
     D:2: 1049 daAuts
     D:4: 1049 daAuts
     D:1: 652 daAuts
     D:7: 277 daAuts
